 Dungeon Crawl Stone Soup version 0.13.2 (webtiles) character file.

2249 RepoMan the Geomancer (level 9, -6/51 HPs)
             Began as an Octopode Earth Elementalist on Apr 7, 2014.
             Mangled by a centaur
             ... wielding a +0,+0 long sword
              (9 damage)
             ... on Level 7 of the Dungeon.
             The game lasted 01:12:28 (8551 turns).

RepoMan the Geomancer (Octopode Earth Elementalist) Turns: 8551, Time: 01:12:29

HP  -6/51        AC  1     Str  7      XL: 9   Next: 16%
MP   7/20        EV 14     Int 21      God:
Gold 337         SH  0     Dex 12      Spells:  5 memorised,  2 levels left

Res.Fire  : . . .   See Invis. : +   w - staff of energy
Res.Cold  : . . .   Warding    : .   (no shield)
Life Prot.: . . .   Conserve   : .   (helmet restricted)
Res.Poison: .       Res.Corr.  : .   (no amulet)
Res.Elec. : .       Clarity    : .   y - cursed ring of see invisible
Sust.Abil.: . .     Spirit.Shd : .   (no ring)
Res.Mut.  : .       Stasis     : .   (no ring)
Res.Rott. : .       Flight     : .   (no ring)
Saprovore : . . .                    (no ring)
                                     (no ring)
                                     (no ring)
                                     (no ring)

@: very slightly contaminated, slightly resistant to hostile enchantments, quite
stealthy
A: almost no armour, amphibious, 8 rings, constrict 8, camouflage 1, AC +1
a: no special abilities


You were on level 7 of the Dungeon.
You were not hungry.

You visited 2 branches of the dungeon, and saw 8 of its levels.

You collected 317 gold pieces.

Inventory:

Hand weapons
 G - a +0,+0 spear
 H - a +0,+0 spear
 I - a +0,+1 dagger of chaos
Missiles
 E - 13 stones (quivered)
Magical devices
 n - a wand of cold (7)
Comestibles
 a - 2 bread rations
 s - 3 meat rations
 B - 2 chunks of worker ant flesh
Scrolls
 b - a scroll of amnesia {unknown}
 e - 7 scrolls of remove curse
 f - a scroll of fear {unknown}
 g - 4 scrolls of identify
 i - a scroll of teleportation
 j - a scroll of enchant weapon I
 t - a scroll of curse armour {unknown}
 u - a scroll of enchant weapon II
 v - 3 scrolls of enchant armour {unknown}
 z - a scroll of magic mapping {unknown}
 A - a scroll of fog
 F - a scroll of immolation {unknown}
Jewellery
 k - a +0,+8 ring of slaying
 y - a cursed ring of see invisible (left tentacle)
Potions
 c - 2 potions of confusion {unknown}
 h - 3 potions of might
 l - a potion of resistance {unknown}
 m - a potion of magic {unknown}
 p - 7 potions of curing {unknown}
 q - a potion of speed {unknown}
 r - a potion of restore abilities {unknown}
 x - a potion of heal wounds
Books
 d - a book of Geomancy

   Spells                             Type                      Level
   *Sandblast                         Earth                        1
   *Stoneskin                         Transmutation/Earth          2
   Passwall                           Transmutation/Earth          3
   *Stone Arrow                       Conjuration/Earth            3
   *Petrify                           Transmutation/Earth          4
   *Lee's Rapid Deconstruction        Earth                        5
 D - a book of the Earth

   Spells                             Type                      Level
   Dig                                Earth                        4
   Leda's Liquefaction                Hexes/Earth                  4
   Bolt of Magma                      Conjuration/Fire/Earth       5
   Statue Form                        Transmutation/Earth          6
   Iron Shot                          Conjuration/Earth            6
   Shatter                            Earth                        9
Magical staves
 o - an uncursed staff of power
 w - an uncursed staff of energy (weapon)


   Skills:
 + Level 5.6 Dodging
 - Level 2.6 Stealth
 + Level 4.9 Spellcasting
 + Level 4.2 Conjurations
 - Level 1.0 Transmutations
 * Level 8.2 Earth Magic


You had 2 spell levels left.
You knew the following spells:

 Your Spells              Type           Power        Failure   Level  Hunger
a - Sandblast             Erth           #####.       1%          1    None
c - Stoneskin             Trmt/Erth      ###.......   2%          2    None
d - Lee's Rapid Deconstr  Erth           #####.....   14%         5    None
e - Stone Arrow           Conj/Erth      ####..       2%          3    None
p - Petrify               Trmt/Erth      ###.....     21%         4    None


Dungeon Overview and Level Annotations

Branches:
Dungeon (7/27)             Temple (1/1) D:7
    Orc: D:6-11

Altars:
Cheibriados
Fedhas
Kikubaaqudgha
Makhleb
Nemelex Xobeh
Okawaru
Sif Muna
Trog
Xom
Yredelemnul
Zin
the Shining One
Lugonu

Annotations:
D:4 Blork the orc, Dowan, Duvessa
D:7 exclusion: oklob plant


Innate Abilities, Weirdness & Mutations

You cannot wear most types of armour.
You are amphibious.
You can wear up to eight rings at the same time.
You can use your tentacles to constrict many enemies at once.
Your skin changes colour to match your surroundings (Stlth).
Your rubbery body absorbs attacks (AC +1).


Message History

The stone arrow hits the centaur.
The centaur is heavily wounded.
The centaur hits you with a long sword!
Casting: Stone Arrow
Confirm with . or Enter, or press ? or * to list all spells.
Aiming: Stone Arrow
Press: ? - help, Shift-Dir - straight line, f/p - centaur
Aim: a centaur, wielding a long sword (heavily wounded)
The stone arrow hits the centaur.
The centaur is almost dead.
The centaur hits you with a long sword. The centaur hits you with a long sword!
* * * LOW HITPOINT WARNING * * *
Casting: Stone Arrow
Confirm with . or Enter, or press ? or * to list all spells.
Aiming: Stone Arrow
Press: ? - help, Shift-Dir - straight line, f/p - centaur
Aim: a centaur, wielding a long sword (almost dead)
You miscast Stone Arrow.
Motes of dust swirl before your eyes. The centaur hits you with a long sword!
You die...

### #.# #.. ..# #Z# #.#
#.# #.# #.# #.#
#.########.#
#.#.....##.###############
#.#.....##>...............
#.'......@......##########
###.....c#.##.#...........
####...#.##.#.#########.
#...#.##.#.#.........
#####.##.#.#.........
#.##.#.#......<..
#.##.#.#.........
#.##.#.###.....#.
#.##.#...'#######


You could see a centaur.

Vanquished Creatures
  Edmund (D:7)
  Menkaure (D:5)
  An orc warrior (D:7)
  A sky beast (D:3)
  An ogre (D:7)
  A centaur (D:5)
  2 water moccasins
  A manticore zombie (D:7)
  A giant frog (D:6)
  6 crimson imps
  2 hounds
  3 iguanas
  3 orc priests
  2 big fish (D:7)
  5 worker ants
  2 orc wizards
  3 scorpions
  8 gnolls
  A worker ant zombie (D:5)
  6 adders
  3 giant mites
  A worm (D:5)
  4 giant geckos
  2 oozes
  13 orcs
  A ball python (D:1)
  6 giant cockroaches
  14 goblins
  13 hobgoblins
  7 jackals
  18 bats
  3 giant newts
  20 kobolds
  A kobold zombie (D:7)
  3 quokkas
  9 rats
169 creatures vanquished.

Notes
Turn   | Place    | Note
--------------------------------------------------------------
     0 | D:1      | RepoMan, the Octopode Earth Elementalist, began the quest for the Orb.
     0 | D:1      | Reached XP level 1. HP: 11/11 MP: 3/3
   308 | D:1      | Reached XP level 2. HP: 17/17 MP: 2/4
   319 | D:1      | Learned a level 2 spell: Stoneskin
   771 | D:1      | Reached XP level 3. HP: 21/21 MP: 6/6
  2003 | D:2      | Reached XP level 4. HP: 24/27 MP: 6/8
  2008 | D:2      | Learned a level 3 spell: Stone Arrow
  2118 | D:2      | Reached skill level 4 in Earth Magic
  2279 | D:2      | Reached XP level 5. HP: 24/31 MP: 9/9
  3047 | D:3      | Noticed a sky beast
  3061 | D:3      | Killed a sky beast
  3061 | D:3      | Reached skill level 5 in Earth Magic
  3061 | D:3      | Reached XP level 6. HP: 33/36 MP: 6/12
  3603 | D:4      | Noticed Duvessa
  3604 | D:4      | Noticed Dowan
  3662 | D:4      | Noticed Blork the orc
  4115 | D:5      | Entered Level 5 of the Dungeon
  4174 | D:5      | Reached skill level 1 in Conjurations
  4255 | D:5      | Found a glowing golden altar of the Shining One.
  4318 | D:5      | Learned a level 4 spell: Petrify
  4435 | D:5      | Reached XP level 7. HP: 12/41 MP: 5/14
  4453 | D:5      | HP: 2/41 [poisoned by a worker ant]
  4776 | D:5      | Noticed Menkaure
  4842 | D:5      | Killed Menkaure
  4842 | D:5      | Reached skill level 6 in Earth Magic
  5154 | D:5      | Found a deep blue altar of Sif Muna.
  5711 | D:6      | Reached XP level 8. HP: 31/46 MP: 6/17
  6664 | D:6      | Found a sparkling altar of Nemelex Xobeh.
  6705 | D:6      | Reached skill level 7 in Earth Magic
  6718 | D:6      | Learned a level 5 spell: Lee's Rapid Deconstruction
  7030 | D:7      | Noticed Edmund
  7038 | D:7      | Killed Edmund
  7038 | D:7      | Reached skill level 5 in Dodging
  7146 | D:7      | Found a staircase to the Ecumenical Temple.
  7156 | Temple   | Entered the Ecumenical Temple
  7383 | D:7      | Found a blossoming altar of Fedhas.
  7461 | D:7      | Noticed an oklob plant
  7992 | D:7      | Reached XP level 9. HP: 51/51 MP: 0/20
  8179 | D:7      | Reached skill level 8 in Earth Magic
  8427 | D:7      | Found a burning altar of Makhleb.
  8428 | D:7      | Found a shimmering altar of Xom.
  8551 | D:7      | Mangled by a centaur

Action                   |  1- 3 |  4- 6 |  7- 9 || total
-------------------------+-------+-------+-------++-------
Melee: Unarmed           |    44 |    52 |    19 ||   115
       Staff             |       |       |    48 ||    48
 Cast: Sandblast         |    51 |    97 |   107 ||   255
       Stoneskin         |       |     1 |     6 ||     7
       Stone Arrow       |       |       |    49 ||    49
       Petrify           |       |       |     2 ||     2
       Lee's Rapid Decon |       |       |     2 ||     2
Evoke: Wand              |       |       |     1 ||     1
  Use: Scroll            |       |     9 |     3 ||    12
       Potion            |       |       |     1 ||     1
 Stab: Sleeping          |     3 |     1 |       ||     4
       Distracted        |       |       |     1 ||     1
